 Dungeon Crawl Stone Soup version 0.27-a0-1590-g15f69828bf (webtiles) character file.

Game seed: 15917823804272279496

596 MovingMist the Skirmisher (level 7, 0/44 HPs)
             Began as a Gargoyle Fighter on July 18, 2021.
             Was an Initiate of Okawaru.
             Slain by an iguana (1 damage)
             ... on level 4 of the Dungeon.
             The game lasted 00:10:57 (5100 turns).

MovingMist the Skirmisher (Gargoyle Fighter)        Turns: 5100, Time: 00:10:58

Health: 0/44       AC: 17    Str: 20    XL:     7   Next: 40%
Magic:  7/7        EV:  6    Int:  8    God:    Okawaru [......]
Gold:   85         SH:  9    Dex: 11    Spells: 1/6 levels left

rFire    . . .     SeeInvis .   n - +1 whip (vamp)
rCold    . . .     Faith    .   c - +0 kite shield
rNeg     + . .     Spirit   .   p - +0 chain mail
rPois    ∞         Reflect  .   (no helmet)
rElec    +         Harm     .   (no cloak)
rCorr    .         Rampage  .   o - +0 pair of gloves
Will     .....                  k - +0 pair of boots
Stlth    ..........             (no amulet)
HPRegen  0.14/turn              (no ring)
MPRegen  0.10/turn              (no ring)

@: no status effects
A: sickness immunity, AC +4, negative energy resistance 1, electricity
resistance, torment resistance 1, petrification resistance
a: Renounce Religion


You were on level 4 of the Dungeon.
You worshipped Okawaru.
Okawaru was noncommittal.
You visited 2 branches of the dungeon, and saw 5 of its levels.

You collected 143 gold pieces.
You spent 58 gold pieces at shops.

Inventory:

Hand Weapons
 i - a +2 dagger of venom
 n - a +1 vampiric whip (weapon)
Armour
 c - a +0 kite shield (worn)
 k - a +0 pair of boots (worn)
 o - a +0 pair of gloves (worn)
 p - a +0 chain mail (worn)
Jewellery
 r - a ring of magical power
Scrolls
 a - 2 scrolls of brand weapon
 b - 2 scrolls of fear
 l - a scroll of enchant weapon {unknown}
 q - 3 scrolls of teleportation
 t - a scroll of identify
Potions
 d - a potion of might
 e - a potion of berserk rage
 f - 4 potions of curing
 g - a potion of heal wounds
 h - a potion of magic
 j - a potion of attraction {unknown}
 m - a potion of ambrosia {unknown}
 s - a potion of brilliance {unknown}


   Skills:
 + Level 5.0 Fighting
 + Level 3.8 Maces & Flails
 + Level 5.0 Armour
 * Level 3.8 Dodging
 - Level 3.2 Shields


You had one spell level left.
You knew the following spells:

 Your Spells              Type           Power      Damage    Failure   Level
a - Vampiric Draining     Necr           0%         2d6       100%        3
b - Wereblood             Tmut           0%         N/A       100%        2

Your spell library contained the following spells:

 Spells                   Type           Power      Damage    Failure   Level
 Animate Skeleton         Necr           0%         N/A       100%        1
 Pain                     Necr           0%         1d4       100%        1
 Slow                     Hex            0%         N/A       100%        2
 Confusing Touch          Hex            0%         N/A       100%        3
 Frozen Ramparts          Ice            0%         1d2       100%        3
 Gell's Gravitas          Tloc           0%         N/A       100%        3
 Lesser Beckoning         Tloc           0%         N/A       100%        3
 Teleport Other           Tloc           0%         N/A       100%        3
 Ice Form                 Ice/Tmut       0%         N/A       100%        4
 Summon Ice Beast         Ice/Summ       0%         N/A       100%        4
 Summon Hydra             Summ           0%         N/A       100%        7
 Sublimation of Blood     Necr           Unusable   N/A       N/A         2

Dungeon Overview and Level Annotations

Branches:
Dungeon (4/15)             Temple (1/1) D:4

Altars:
Ashenzari
Elyvilon
Fedhas
Gozag
Hepliaklqana
Makhleb
Okawaru
Qazlal
Ru
Sif Muna
Trog
Uskayaw
Vehumet
Wu Jian
Xom
Zin
The Shining One

Shops:
D:3 **([

Annotations:
D:3 1 runed translucent door


Innate Abilities, Weirdness & Mutations

You are immune to sickness and miasma.
Your stone body is resilient. (AC +4)
You are immune to poison.
You resist negative energy. (rN+)
You are resistant to electric shocks. (rElec)
You are resistant to unholy torment.
You are immune to petrification.


Message History

The orc is moderately wounded.
You hit the orc but do no damage.
The orc is moderately wounded.
The orc hits you but does no damage.
You hit the orc.
The orc is heavily wounded.
You block the orc's attack.
You hit the orc but do no damage.
The orc is heavily wounded.
You block the orc's attack.
You barely miss the orc.
The orc is heavily wounded.
You hit the orc.
You feel better.
You kill the orc!
Okawaru accepts your kill.
The orc priest mumbles some strange prayers to Beogh against you.
Beogh smites you! The iguana bites you!
* * * LOW HITPOINT WARNING * * *
You closely miss the iguana.
The iguana bites you but does no damage.
You barely miss the iguana. You block the iguana's attack.
You hit the iguana.
The iguana is lightly wounded.
The iguana barely misses you.
You barely miss the iguana.
The iguana is lightly wounded.
The iguana bites you but does no damage.
You barely miss the iguana.
The iguana is lightly wounded.
The iguana bites you but does no damage.
You hit the iguana but do no damage.
The iguana is lightly wounded.
The orc priest looks satisfied for a moment.
The iguana bites you but does no damage.
You hit the iguana but do no damage.
The iguana is lightly wounded.
The iguana bites you!
* * * LOW HITPOINT WARNING * * *
The iguana bites you.
You die...

##.## #.#
####.#.##
#.###...#### #.#
#.#.# #.....)....#
#.# #.#.##
#####...##.###.#
#.#.##
####.......##.#
#.#...
..............#
#.####
####.......####
#.# # #.....#..#
#.# #....###@#
#.....#l##
#......o#
###.##..#
##.##..######
#............ #
#.......###.#
....###..####.####
.................#


You could see an iguana and an orc priest.

Vanquished Creatures
  The ghost of emiel the Slasher, an amateur MiBe of Trog (D:3)
  A black bear (D:2)
  A scorpion (D:4)
  A hound (D:4)
  An orc wizard (D:4)
  Natasha (twice) (D:2)
  2 hound skeletons (D:4)
  5 adders
  4 river rats
  4 worms
  3 dart slugs
  12 orcs
  8 ball pythons
  9 endoplasms
  3 giant cockroaches
  8 goblins
  6 hobgoblins
  16 jackals
  7 kobolds
  2 quokkas
  10 bats
  3 frilled lizards
  11 rats
120 creatures vanquished.

Notes
Turn   | Place    | Note
-------+----------+-------------------------------------------
     0 | D:1      | MovingMist the Gargoyle Fighter began the quest for the
                  | Orb.
     0 | D:1      | Reached XP level 1. HP: 14/14 MP: 1/1
   212 | D:1      | Reached XP level 2. HP: 10/19 MP: 2/2
   579 | D:1      | Reached skill level 1 in Dodging
   782 | D:1      | Reached XP level 3. HP: 23/23 MP: 3/3
  1476 | D:2      | Noticed a black bear
  1509 | D:2      | Killed a black bear
  1510 | D:2      | Reached XP level 4. HP: 5/29 MP: 4/4
  1510 | D:2      | Reached XP level 5. HP: 6/33 MP: 5/5
  3003 | D:3      | Noticed Natasha
  3027 | D:2      | Killed Natasha
  3077 | D:2      | Noticed Natasha
  3093 | D:2      | Killed Natasha
  3094 | D:2      | Reached XP level 6. HP: 11/39 MP: 6/6
  3337 | D:3      | Found a faded altar of an unknown god.
  3364 | D:3      | Found Ufeonati's General Store.
  3370 | D:3      | Bought a scroll of teleportation for 36 gold pieces
  3391 | D:3      | Found a blossoming altar of Fedhas.
  3400 | D:3      | Found a runed translucent door.
  3403 | D:3      | Noticed emiel's ghost (amateur MiBe)
  3433 | D:3      | Found a runed translucent door.
  3465 | D:3      | Found Ezuluckootz's General Store.
  3473 | D:3      | Bought a scroll of identify for 22 gold pieces
  3573 | D:3      | Found Toino's Armour Shop.
  3623 | D:3      | Found Bedol's Weapon Boutique.
  3745 | D:3      | Killed emiel's ghost
  4032 | D:4      | HP: 1/39 [something (2)]
  4395 | D:4      | Reached XP level 7. HP: 40/44 MP: 7/7
  4461 | D:4      | Found a staircase to the Ecumenical Temple.
  4471 | Temple   | Entered the Ecumenical Temple
  4648 | Temple   | Became a worshipper of Warmaster Okawaru
  4911 | D:4      | Learned a level 3 spell: Vampiric Draining
  4914 | D:4      | Learned a level 2 spell: Wereblood
  4982 | D:4      | Reached skill level 5 in Fighting
  5075 | D:4      | Reached skill level 5 in Armour
  5100 | D:4      | HP: 1/44 [iguana (8)]
  5100 | D:4      | Slain by an iguana

Illustrated notes

Levels and vault maps discovered:
D:1:      lightli_arrival_maybe_door_vault, layout_loops_cross,
          dk_noncrumbling_4
D:2:      kennysheep_six_static_rooms, layout_loops_corners, minmay_cut_off
D:3:      layout_rooms, mainiacjoe_overflow_24_doors, serial_shops,
          nicolae_shop_crystal, nicolae_shop_stone, shop, shop,
          ebering_ecumenical_altar_rust, ebering_ghost_sewer_f, uniq_natasha
D:4:      layout_loops_ring, minmay_temple_entry_statues_fountains,
          lightli_sewer_entry_pipes, grunt_decor_resistance, minivault_25
Temple:   regret_index_temple_sphere_string

Skill      XL: |  1  2  3  4  5  6  7 |
---------------+----------------------+-----
Dodging        | 1 2 3 |  3.8
Fighting       | 4 5 |  5.0
Armour         | 4 5 |  5.0
Maces & Flails | 3 |  3.8
Shields        | |  3.2

Action                   |  1- 3 |  4- 6 |  7- 9 || total
-------------------------+-------+-------+-------++-------
Melee: Flail             |    67 |       |       ||    67
       Dagger            |    72 |    13 |       ||    85
       Whip              |       |   312 |   209 ||   521
  Use: Scroll            |       |     8 |       ||     8
Armor: Scale mail        |    91 |    33 |       ||   124
       Chain mail        |       |   199 |    92 ||   291
Dodge: Dodged            |    54 |   116 |    44 ||   214
Block: Kite shield       |    86 |   171 |    93 ||   350

Table legend: (Time is in decaauts)
 A = Elapsed time spent in this place.
 B = Non-inter-level travel time spent in this place.
 C = Inter-level travel time spent in this place.
 D = Time resting spent in this place.
 E = Time spent auto-exploring this place.
 F = Levels seen in this place.
 G = Mean time per level.
                   A        B        C        D        E       F      G
               +--------+--------+--------+--------+--------+-----+--------+
         Total |   5290 |   5105 |    185 |    680 |   2883 |   5 | 1058.0 |
       Dungeon |   5101 |   4952 |    149 |    680 |   2743 |   4 | 1275.2 |
        Temple |    188 |    152 |     36 |      0 |    140 |   1 |  188.0 |
               +--------+--------+--------+--------+--------+-----+--------+

Top non-repeatable levels by time:
     D:2: 1994 daAuts
     D:1: 1373 daAuts
     D:4: 1072 daAuts
     D:3: 661 daAuts
  Temple: 188 daAuts
